 Dungeon Crawl Stone Soup version 0.30-a0-782-ge64f9170bb (webtiles) character file.

Game seed: 16503154523884330711

5058 shadizar the Fighter (level 10, -1/68 HPs)
             Began as a Gargoyle Fighter on Mar 18, 2023.
             Was a Priest of Okawaru.
             Slain by a shadow (9 damage)
             ... on level 10 of the Dungeon.
             The game lasted 00:15:33 (8261 turns).

shadizar the Fighter (Gargoyle Fighter)             Turns: 8261, Time: 00:15:34

Health: -1/68      AC: 22    Str: 24    XL:     10   Next: 56%
Magic:  8/10       EV: 16    Int:  9    God:    Okawaru [***...]
Gold:   321        SH:  6    Dex:  9    Spells: 9/9 levels left

rFire   . . .      SeeInvis .    a - +3 war axe (elec)
rCold   + . .      Faith    .    c - +0 buckler
rNeg    + . .      Spirit   .    z - +0 chain mail of Resourcefulness {rC+}
rPois   ∞          Reflect  .    q - +1 helmet
rElec   +          Harm     .    (no cloak)
rCorr   .          Rampage  .    (no gloves)
Will    .....                    (no boots) Stlth
                                 (no amulet)
HPRegen 0.31/turn                o - +5 ring of evasion
MPRegen 0.12/turn                (no ring)

@: heroic
A: sickness immunity, AC +7, negative energy resistance 1, electricity
resistance, torment resistance 1, petrification resistance
a: Renounce Religion, Heroism


You were on level 10 of the Dungeon.
You worshipped Okawaru.
Okawaru was most pleased with you.
You visited 2 branches of the dungeon, and saw 11 of its levels.
You also visited: Sewer.

You collected 508 gold pieces.
You spent 187 gold pieces at shops.

Inventory:

Hand Weapons
 a - a +3 war axe of electrocution (weapon)
 y - the +1 shortbow "Vagiab" {freeze, Dex+4}
   (You took it off a gnoll on level 6 of the Dungeon)

   Dex:       It affects your dexterity (+4).
 B - a +3 short sword of electrocution
 D - a +2 mace of protection
 K - a +4 whip
 L - a +2 morningstar
Missiles
 v - 55 stones (quivered)
Armour
 c - a +0 buckler (worn)
 q - a +1 helmet (worn)
 z - the +0 chain mail of Resourcefulness (worn) {rC+}
   (You found it on level 5 of the Dungeon)

   rC:        It protects you from cold.
 O - a +0 plate armour
Jewellery
 o - a +5 ring of evasion (left hand)
 E - a ring of magical power
 I - a ring of flight
Wands
 n - a wand of polymorph (5)
 F - a wand of mindburst (9)
 G - a wand of digging (12)
 H - a wand of iceblast (9)
 N - a wand of acid (6)
Scrolls
 e - a scroll of amnesia
 h - 3 scrolls of identify
 k - 2 scrolls of teleportation
 m - 2 scrolls of fear
 s - a scroll of enchant armour
 C - 2 scrolls of fog
 M - a scroll of blinking
Potions
 b - a potion of mutation {unknown}
 d - 3 potions of might
 f - 3 potions of flight
 g - 3 potions of brilliance
 i - a potion of magic {unknown}
 j - 2 potions of lignification
 l - 3 potions of haste
 p - 3 potions of cancellation
 r - a potion of resistance {unknown}
 t - 2 potions of degeneration {unknown}
 u - 4 potions of heal wounds
 w - 4 potions of curing
 x - 2 potions of berserk rage {unknown}
 A - 2 potions of attraction


   Skills:
 * Level 10.2(15.2) Fighting
 + Level 6.0(11.0) Axes
 + Level 7.8(12.8) Armour
 + Level 4.7(9.7) Dodging
 + Level 7.7(12.7) Shields


You had 9 spell levels left.
You didn't know any spells.
Your spell library contained the following spells:

 Spells                   Type           Power      Damage    Failure   Level
 Apportation              Tloc           0%         N/A       92%         1
 Beastly Appendage        Tmut           0%         N/A       92%         1
 Necrotise                Necr           0%         1d4       92%         1
 Slow                     Hex            0%         N/A       92%         1
 Wereblood                Tmut           0%         N/A       98%         2
 Confusing Touch          Hex            0%         N/A       100%        3
 Ozocubu's Armour         Ice            0%         N/A       100%        3
 Spider Form              Tmut/Pois      0%         N/A       100%        3
 Vampiric Draining        Necr           0%         2d6       100%        3
 Dispel Undead            Necr           0%         3d6       100%        4
 Alistair's Intoxication  Tmut/Pois      0%         N/A       100%        5
 Ozocubu's Refrigeration  Ice            0%         4d7       100%        7
 Summon Small Mammal      Summ           Unusable   N/A       N/A         1
 Cigotuvi's Dreadful Rot  Necr/Pois/Air  Unusable   N/A       N/A         2
 Death Channel            Necr           Unusable   N/A       N/A         6

Dungeon Overview and Level Annotations

Branches:
Dungeon (10/15)            Temple (1/1) D:7            Lair (0/5) D:9
  Sewer (visited)
    Orc: D:9-12

Altars:
Ashenzari
Cheibriados
Dithmenos
Elyvilon
Fedhas
Gozag
Hepliaklqana
Kikubaaqudgha
Makhleb
Nemelex Xobeh
Okawaru
Qazlal
Ru
Sif Muna
Trog
Uskayaw
Vehumet
Wu Jian
Xom
Yredelemnul
Zin
The Shining One

Shops:
D:3 [   D:5 *   D:6 *


Innate Abilities, Weirdness & Mutations

You are immune to sickness and miasma.
Your stone body is resilient. (AC +7)
You are immune to poison.
You resist negative energy. (rN+)
You are resistant to electric shocks. (rElec)
You are resistant to unholy torment.
You are immune to petrification.


Message History

You block the acid dragon's attack.
The shadow strikes at you from the darkness!
Reactivating autopickup.
You barely miss the acid dragon.
The acid dragon is lightly wounded.
You hit the shadow but do no damage.
The centaur shoots an arrow.
The arrow closely misses you. The acid dragon barely misses you.
The acid dragon closely misses you. The shadow closely misses you.
You slice the acid dragon!!
The acid dragon is almost dead.
You slash the shadow!
The centaur shoots an arrow.
You block the arrow. The acid dragon spits acid at you.
The splash of acid hits you!!
* * * LOW HITPOINT WARNING * * *
The shadow misses you.
You closely miss the acid dragon.
The acid dragon is almost dead.
You hit the shadow.
The centaur shoots an arrow.
The arrow hits you but does no damage.
The centaur shoots an arrow.
The arrow hits you.
* * * LOW HITPOINT WARNING * * *
You block the acid dragon's attack.
The acid dragon claws you but does no damage.
The shadow hits you.
You barely miss the acid dragon.
The acid dragon is almost dead.
You hit the shadow but do no damage.
The centaur shoots an arrow.
The arrow hits you but does no damage. The shadow hits you.
The acid dragon closely misses you.
The acid dragon claws you but does no damage.
The shadow attacks as you move away! The shadow hits you.
* * * LOW HITPOINT WARNING * * *
The acid dragon attacks as you move away!
The acid dragon closely misses you. You block the acid dragon's attack.
The centaur shoots an arrow.
The arrow barely misses you.
The centaur shoots an arrow.
The arrow hits you but does no damage.
There is a stone staircase leading up here.
The centaur shoots an arrow.
You block the arrow.
The acid dragon closely misses you. x2; The shadow hits you!
You die...

.....
.....####
........#
........#
........#
.$......#
........#
#...WD#
#....@#
#......#
#......#
#.c....#
........#
........#
........#
........#


You could see an acid dragon, a shadow and a centaur.

Vanquished Creatures
  A two-headed ogre (D:8)
  A hornet (D:9)
  A yak (D:9)
  Menkaure (D:6)
  An acid dragon (D:8)
  A water moccasin (D:7)
  3 orc warriors
  Pargi (Sewer)
  3 sky beasts
  3 ice beasts
  A black bear (D:5)
  An ogre (D:5)
  4 centaurs
  A phantom (D:4)
  3 kobold brigands
  7 bullfrogs
  3 gnoll sergeants
  2 scorpions (D:6)
  5 wights (D:9)
  3 killer bees (D:9)
  A howler monkey (D:9)
  A jelly (D:7)
  2 hounds (D:4)
  A gnoll bouda (D:7)
  An orc priest (D:5)
  12 orc wizards
  3 iguanas
  Robin (D:3)
  20 gnolls
  6 adders
  2 white imps (D:6)
  2 worms
  A dart slug (D:1)
  20 orcs
  9 endoplasms
  3 giant cockroaches (D:1)
  12 goblins
  10 hobgoblins
  7 jackals
  2 quokkas
  3 ball pythons
  8 bats
  2 frilled lizards (D:2)
  15 kobolds
  4 rats
194 creatures vanquished.

Vanquished Creatures (others)
  An orc wizard (D:4)
  12 fungi (D:9)
  19 plants
32 creatures vanquished.

Grand Total: 226 creatures vanquished

Notes
Turn   | Place    | Note
-------+----------+-------------------------------------------
     0 | D:1      | shadizar the Gargoyle Fighter began the quest for the Orb.
     0 | D:1      | Reached XP level 1. HP: 14/14 MP: 1/1
   155 | D:1      | Reached XP level 2. HP: 19/19 MP: 2/2
   744 | D:2      | Reached XP level 3. HP: 23/23 MP: 3/3
  1629 | D:3      | Reached XP level 4. HP: 29/29 MP: 4/4
  1637 | D:3      | Found a faded altar of an unknown god.
  1647 | D:3      | Noticed a centaur
  2008 | D:3      | Killed a centaur
  2009 | D:3      | Reached skill level 4 in Fighting
  2009 | D:3      | Reached XP level 5. HP: 26/33 MP: 5/5
  2104 | D:3      | Noticed Robin
  2111 | D:3      | Killed Robin
  2279 | D:3      | Found Dewos's Antique Armour Shop.
  2612 | D:4      | Found a glowing drain.
  2627 | Sewer    | Entered a sewer
  2685 | Sewer    | Noticed Pargi
  2706 | Sewer    | Killed Pargi
  2707 | Sewer    | Reached XP level 6. HP: 32/40 MP: 6/6
  2887 | D:4      | Reached skill level 5 in Fighting
  2887 | D:4      | Reached skill level 1 in Dodging
  3333 | D:4      | Reached XP level 7. HP: 22/44 MP: 7/7
  3718 | D:5      | Entered Level 5 of the Dungeon
  3728 | D:5      | Identified the +0 chain mail of Resourcefulness {rC+}
  3770 | D:5      | Reached skill level 5 in Armour
  3770 | D:5      | Reached skill level 5 in Shields
  4005 | D:5      | Reached skill level 6 in Fighting
  4008 | D:5      | Found Dupnyont's Assorted Antiques.
  4021 | D:5      | Bought a scroll of enchant weapon for 187 gold pieces
  4249 | D:5      | Reached XP level 8. HP: 51/51 MP: 8/8
  4846 | D:6      | Identified the +1 shortbow "Vagiab" {freeze, Dex+4}
  5069 | D:6      | Reached skill level 7 in Fighting
  5197 | D:6      | Found Amufesm's General Store.
  5227 | D:6      | Found a shimmering altar of Xom.
  5714 | D:7      | Reached XP level 9. HP: 56/58 MP: 9/9
  5872 | D:7      | Noticed Menkaure
  5896 | D:6      | Killed Menkaure
  5897 | D:6      | Reached skill level 8 in Fighting
  5938 | D:7      | Found a staircase to the Ecumenical Temple.
  6005 | Temple   | Entered the Ecumenical Temple
  6005 | Temple   | Found a transporter.
  6005 | Temple   | Found a transporter.
  6007 | Temple   | Found a transporter.
  6007 | Temple   | Found a transporter.
  6073 | Temple   | Became a worshipper of Warmaster Okawaru
  6187 | D:7      | Reached skill level 5 in Axes
  6282 | D:7      | Found a stormy altar of Qazlal.
  6331 | D:7      | Reached * piety under Okawaru
  6472 | D:7      | Found a glowing silver altar of Zin.
  6672 | D:8      | Found a broken altar of Ashenzari.
  6672 | D:8      | Found a radiant altar of Vehumet.
  6688 | D:8      | Noticed a two-headed ogre
  6698 | D:8      | Killed a two-headed ogre
  6698 | D:8      | Reached ** piety under Okawaru
  6699 | D:8      | Reached skill level 9 in Fighting
  6699 | D:8      | Reached XP level 10. HP: 44/66 MP: 7/10
  7831 | D:9      | Reached skill level 10 in Fighting
  7848 | D:9      | Reached *** piety under Okawaru
  8010 | D:9      | Found a staircase to the Lair.
  8248 | D:10     | Entered Level 10 of the Dungeon
  8261 | D:10     | Slain by a shadow

Illustrated notes

Levels and vault maps discovered:
D:1:      mainiacjoe_arrival_reflecting_pool, layout_basic,
          kennysheep_nondescript, chequers_avenue, grunt_decor_arrowhead,
          nrook_loot_triangle
D:2:      cheibrodos_helix_gallery, layout_loops_ring, serial_aquarium,
          aquarium_bridge_straight [aquarium_subvault_bridge,
          aquarium_subvault_wall, aquarium_subvault_bridge,
          aquarium_subvault_window], aquarium_window_corridor_3,
          aquarium_window_corner, aquarium_view_2c, aquarium_balcony_3b,
          aquarium_pool_2
D:3:      layout_basic, ebering_ecumenical_altar_mist, serial_shops, shop,
          roderic_filled_cross, uniq_robin
D:4:      layout_loops_ring, portal_sewer_entry_a,
          minmay_a_box_with_orc_wizards_in_it
D:5:      layout_loops_ring, serial_shops, shop_fountains
D:6:      layout_basic, nicolae_overflow_crystal_walls, serial_shops,
          nicolae_shop_behind_doors, minmay_misc_feat_hallway
D:7:      layout_cave_pools, marbit_many_paths,
          mainiacjoe_overflow_surrounded_room,
          minmay_temple_entry_gardened_gates, minmay_bent, uniq_menkaure
D:8:      layout_basic, gammafunk_temple_overflow_pools, serial_glass,
          glass_columns_b, glass_columns_a, hex_tiny, dk_vineyard_2,
          minmay_misc_feat_room
D:9:      layout_long_grid, grunt_lair_entry_orc_guard_hut, feat_on_display
D:10:     layout_rooms, orc_0_dummy, nicolae_concentric_dashed_squares_mild,
          glass_columns_a
Temple:   hellmonk_temple_divided_pantheon

Skill      XL: |  1  2  3  4  5  6  7  8  9 10 |
---------------+-------------------------------+-----
Axes           | 2 3 4 5 6 |  6.0
Fighting       | 4 5 6 7 9 10 | 10.2
Armour         | 4 5 6 7 |  7.8
Shields        | 4 5 6 7 |  7.7
Dodging        | 1 2 3 4 |  4.7

Action                     |  1- 3 |  4- 6 |  7- 9 | 10-12 || total
---------------------------+-------+-------+-------+-------++-------
  Melee: War axe           |   112 |   231 |   311 |   154 ||   808
 Invoke: Heroism           |       |       |     1 |     1 ||     2
    Use: Scroll            |       |     1 |    10 |    12 ||    23
 Armour: Scale mail        |    60 |   155 |    11 |       ||   226
         Chain mail        |       |       |   189 |    78 ||   267
  Dodge: Dodged            |    56 |   147 |   232 |   113 ||   548
  Block: Buckler           |    26 |    51 |   100 |    54 ||   231

Table legend: (Time is in decaauts)
 A = Elapsed time spent in this place.
 B = Non-inter-level travel time spent in this place.
 C = Inter-level travel time spent in this place.
 D = Time resting spent in this place.
 E = Time spent auto-exploring this place.
 F = Levels seen in this place.
 G = Mean time per level.
                   A        B        C        D        E       F      G
               +--------+--------+--------+--------+--------+-----+--------+
         Total |   8555 |   8348 |    207 |      0 |   6048 |  12 |  712.9 |
       Dungeon |   8256 |   8049 |    207 |      0 |   5925 |  10 |  825.6 |
        Temple |     98 |     98 |      0 |      0 |      1 |   1 |   98.0 |
         Sewer |    200 |    200 |      0 |      0 |    121 |   1 |  200.0 |
               +--------+--------+--------+--------+--------+-----+--------+

Top non-repeatable levels by time:
     D:2: 1242 daAuts
     D:4: 1024 daAuts
     D:8: 995 daAuts
     D:6: 993 daAuts
     D:7: 964 daAuts
     D:5: 838 daAuts
     D:9: 762 daAuts
     D:1: 757 daAuts
     D:3: 663 daAuts
   Sewer: 200 daAuts
  Temple: 98 daAuts
    D:10: 13 daAuts
